Map: Mothership LE

Players

SCIInewby - Winner!

  • Race: Protoss Protoss
  • League: Master
  • Spawn Location: 1:00

essence

  • Race: Terran Terran
  • Spawn Location: 6:00

VOD

Have the link to the VOD?

Description

Time

  • Played on: Feb. 4, 2026, 3:03 p.m.
  • Length: 15:09
Show
View Real Time Build Order
Export as new Build Order

SCIInewby Protoss - Winner!

Build Orders: Forge Fast Expand (FFE), Carriers, Chargelot Immortal 

Get SALT Encoding   

  12  0:02  Probe  
  13  0:15  Probe  
  14  0:22  Pylon  
  14  0:28  Probe  
  15  0:42  Forge  
  15  0:45  Probe  
  16  1:01  Probe  
  17  1:13  Probe  
  18  1:22  Nexus  
  18  1:31  Gateway  
  17  1:52  Pylon  
  17  1:54  Probe  
  18  1:59  Photon Cannon  
  18  2:04  Assimilator  
  18  2:06  Assimilator  
  18  2:07  Probe  
  19  2:14  Assimilator  
  19  2:19  Probe  
  20  2:25  Photon Cannon  
  20  2:30  Probe x2  
  22  2:38  Probe  
  22  2:39  Probe  
  24  2:44  Assimilator  
  24  2:47  Probe  
  25  2:57  Cybernetics Core  
  25  3:01  Pylon  
  25  3:10  Probe  
  25  3:11  Probe  
  25  3:13  Pylon  
  25  3:19  Probe x2  
  27  3:25  Protoss Ground Weapons Level 1  
  29  3:31  Warp Gate  
  29  3:33  Gateway  
  29  3:40  Gateway  
  29  3:47  Probe  
  29  3:50  Probe  
  31  3:59  Gateway  
  31  4:02  Probe x2  
  33  4:14  Probe x2  
  33  4:15  Twilight Council  
  35  4:19  Zealot  
  37  4:26  Probe  
  37  4:30  Probe  
  39  4:38  Probe  
  40  4:47  Pylon  
  40  4:52  Robotics Facility  
  40  4:53  Charge, Probe  
  40  4:54  Probe, Robotics Facility  
  42  5:02  Probe x2  
  44  5:11  Probe  
  45  5:21  Probe  
  46  5:22  Zealot x2  
  46  5:23  Zealot  
  46  5:24  Zealot  
  54  5:33  Pylon  
  54  5:34  Protoss Air Weapons Level 1  
  54  5:36  Gateway  
  54  5:42  Gateway  
  54  5:44  Probe  
  54  5:45  Probe  
  54  5:48  Zealot  
  58  5:51  Zealot  
  58  5:53  Sentry  
  58  5:54  Protoss Shields Level 1  
  62  6:10  Immortal  
  66  6:16  Immortal  
  70  6:39  Stargate  
  58  6:42  Stargate  
  58  6:45  Pylon  
  56  6:50  Zealot  
  56  6:51  Zealot x4  
  56  6:52  Zealot  
  66  6:58  Immortal x2  
  66  7:01  Blink  
  74  7:22  Nexus  
  74  7:25  Probe x2  
  76  7:35  Zealot x2  
  80  7:37  Probe x2  
  80  7:38  Zealot  
  80  7:42  Zealot  
  86  7:48  Protoss Ground Weapons Level 2  
  86  7:59  Pylon  
  86  8:02  Pylon  
  86  8:07  Assimilator  
  86  8:11  Assimilator, Pylon  
  86  8:21  Immortal  
  86  8:22  Immortal  
  94  8:31  Probe x2  
  96  8:36  Probe  
  80  8:43  Probe x2  
  80  8:47  Zealot x3  
  86  8:48  Probe  
  86  8:55  Probe  
  88  9:02  Stalker x3  
  94  9:19  Fleet Beacon, Pylon  
  94  9:22  Stalker  
  94  9:23  Stalker x2  
  100  9:32  Zealot x3  
  100  9:37  Probe x3  
  109  9:49  Probe x2  
  111  9:54  Carrier  
  111  9:56  Immortal x2  
  111  9:59  Carrier  
  125  10:13  Protoss Shields Level 2  
  131  10:19  Protoss Air Armor Level 1  
  131  10:28  Zealot  
  133  10:38  Pylon  
  133  10:39  Pylon  
  133  10:41  Pylon  
  133  11:10  Stalker x2  
  133  11:11  Stalker x4  
  139  11:16  Carrier  
  151  11:18  Nexus  
  151  11:26  Carrier  
  157  11:44  Probe x3  
  88  12:20  Carrier  
  94  12:23  Zealot x5  
  104  12:30  Carrier  
  104  12:34  Stalker  
  112  12:39  Immortal  
  116  12:59  Pylon  
  116  13:08  Zealot  
  116  13:09  Zealot x2, Assimilator  
  116  13:10  Zealot x3  
  128  13:14  Assimilator  
  128  13:15  Carrier  
  128  13:19  Pylon  
  128  13:20  Photon Cannon  
  128  13:22  Photon Cannon  
  128  13:24  Carrier  
  134  13:34  Zealot  
  134  13:37  Zealot x4  
  150  13:48  Pylon  
  150  13:54  Stalker  
  150  13:55  Stalker  
  154  13:57  Stalker  
  154  14:01  Zealot  
  158  14:04  Pylon  
  158  14:07  Pylon  
  114  14:38  Zealot x4  
  110  14:39  Zealot x2  
Show
View Real Time Build Order
Export as new Build Order

essence Terran 

Build Orders:  

Get SALT Encoding   

  12  0:00  SCV  
  13  0:12  SCV  
  14  0:18  Supply Depot  
  14  0:25  Refinery  
  15  0:28  SCV  
  15  0:40  SCV  
  16  0:47  Barracks  
  16  0:52  SCV  
  17  1:00  Refinery  
  17  1:04  SCV  
  18  1:17  SCV  
  19  1:33  Orbital Command  
  19  1:34  Barracks Reactor  
  19  1:50  Factory  
  19  2:05  SCV, Supply Depot  
  20  2:12  Marine x2  
  22  2:17  SCV  
  23  2:29  SCV  
  24  2:30  Marine x2  
  26  2:37  Factory Tech Lab  
  26  2:40  Starport  
  26  2:45  SCV  
  26  2:50  Marine x2  
  29  3:01  Supply Depot  
  29  3:08  Marine x2  
  31  3:22  Siege Tank  
  31  3:24  Supply Depot  
  37  3:27  Marine x2  
  39  3:35  Starport Tech Lab  
  36  3:45  Marine x2  
  38  3:49  Supply Depot  
  38  3:57  Siege Tank  
  38  3:59  Raven  
  43  4:08  Command Center  
  43  4:12  Marine x2  
  43  4:16  Supply Depot  
  45  4:17  SCV  
  46  4:30  Marine x2  
  48  4:33  Siege Tank  
  51  4:38  Viking  
  51  4:44  SCV  
  54  4:50  Supply Depot  
  54  4:52  Marine  
  55  4:57  SCV  
  56  5:08  Liberator  
  56  5:09  SCV  
  56  5:12  Marine x2  
  62  5:20  Supply Depot  
  62  5:25  SCV  
  62  5:28  Refinery  
  63  5:34  Bunker  
  63  5:37  SCV  
  63  5:42  Orbital Command  
  64  5:45  Marine x2  
  64  5:49  SCV  
  67  5:52  Siege Tank  
  70  6:01  SCV  
  71  6:11  SCV  
  72  6:14  Supply Depot  
  72  6:20  SCV  
  72  6:23  SCV  
  72  6:25  Marine x2  
  76  6:26  Siege Tank  
  76  6:27  Liberator  
  76  6:32  SCV  
  78  6:52  Marine x2  
  80  6:58  Siege Tank  
  80  6:59  SCV  
  84  7:04  Refinery  
  84  7:09  Liberator  
  84  7:12  SCV  
  88  7:16  Command Center  
  88  7:26  Supply Depot  
  88  7:27  Marine  
  88  7:28  Marine  
  90  7:32  Barracks  
  90  7:36  Barracks  
  90  7:40  Siege Tank  
  93  7:45  Marine x2  
  93  7:48  Supply Depot  
  95  7:52  Medivac  
  97  8:11  Supply Depot  
  97  8:19  Marine x2  
  98  8:22  Medivac  
  98  8:26  Barracks Tech Lab  
  101  8:28  Barracks Reactor  
  101  8:31  Siege Tank  
  104  8:34  Supply Depot  
  104  8:37  Marine  
  100  8:48  Orbital Command  
  100  8:54  Refinery  
  100  8:55  SCV x2  
  102  9:03  Marine x3  
  102  9:06  Cloaking Field  
  102  9:07  SCV x2  
  110  9:10  Siege Tank  
  110  9:12  Marine x2  
  112  9:17  Refinery  
  112  9:19  SCV x2  
  112  9:20  Marine  
  112  9:21  Marine  
  116  9:30  Engineering Bay x2, Marine x2  
  118  9:36  Armory  
  118  9:37  Armory  
  118  9:38  Marine  
  118  9:42  Siege Tank  
  122  9:55  Stimpack  
  122  9:56  Marine x2  
  122  9:57  Marine x2  
  122  9:58  Marine  
  127  10:08  Supply Depot  
  127  10:14  Marine x2  
  127  10:15  Marine, Siege Tank  
  127  10:16  Liberator  
  127  10:18  Terran Infantry Weapons Level 1, Terran Infantry Armor Level 1  
  136  10:25  Terran Vehicle Weapons Level 1  
  136  10:26  Terran Vehicle And Ship Armor Level 1  
  136  10:30  Supply Depot, Missile Turret  
  136  10:42  Marine x3  
  138  10:43  Marine x2  
  141  10:51  Missile Turret  
  141  10:52  SCV  
  141  10:53  Supply Depot  
  142  11:00  Marine  
  142  11:02  Siege Tank  
  146  11:04  SCV  
  146  11:05  Medivac  
  149  11:12  Missile Turret  
  149  11:17  Supply Depot  
  149  11:23  Marine x2  
  149  11:24  Marine  
  149  11:25  Marine x2  
  154  11:33  Missile Turret  
  154  11:34  Combat Shield  
  154  11:35  Medivac  
  154  11:39  Supply Depot  
  156  11:40  Marine  
  156  11:41  Marine  
  156  11:42  Marine  
  110  12:00  Missile Turret  
  101  12:02  Marine  
  101  12:03  Marine x4  
  104  12:12  Viking  
  104  12:14  Siege Tank  
  109  12:20  Marine  
  109  12:21  Marine x4, Missile Turret  
  114  12:38  Marine x2  
  114  12:39  Marine  
  114  12:42  Missile Turret, Viking  
  118  12:46  Siege Tank  
  121  13:04  Marine x2  
  121  13:05  Marine x3, Starport  
  126  13:21  Siege Tank  
  126  13:22  Marine x3, Viking  
  126  13:23  Marine x2  
  136  13:39  Factory  
  136  13:40  Marine x4  
  136  13:41  Marine  
  141  13:52  Barracks, Viking  
  143  13:58  Marine x2  
  143  14:00  Barracks  
  145  14:02  Marine  
  145  14:03  Marine x2  
  145  14:04  Siege Tank  
  144  14:16  Marine x2  
  133  14:20  Marine x2  
  133  14:21  Marine  
  133  14:22  Viking  
  110  14:33  Marine  
  110  14:34  Marine  
  110  14:38  Marine x2  
  102  14:39  Marine  
  102  14:42  Marine  
Tags
 
Add a new tag
Caveats
  • Supply blocks, unpowered buildings, or Contaminate may cause inaccurate times.
  • Supply counts are checked every 10 seconds.